 Dungeon Crawl Stone Soup version 0.28.0-53-g5a82cb258f (webtiles) character file.

Game seed: 10674882434902353054

57 Ashen the Ducker (level 4, -3/32 HPs)
             Began as a Djinni Hedge Wizard on June 6, 2022.
             Slain by a gnoll
             ... wielding a +0 halberd
              (10 damage)
             ... on level 2 of the Dungeon on June 11, 2022.
             The game lasted 00:03:57 (2433 turns).

Ashen the Ducker (Djinni Hedge Wizard)              Turns: 2433, Time: 00:03:58

Health: -3/32      AC:  3    Str:  9    XL:     4   Next: 18%
Gold:   43         EV: 12    Int: 17    God:
                   SH:  0    Dex: 13

rFire   + + .      SeeInvis .   a - +1 whip (flame)
rCold   x . .      Faith    .   (no shield)
rNeg    . . .      Spirit   .   b - +0 robe
rPois   ∞          Reflect  .   c - +1 hat
rElec   .          Harm     .   (no cloak)
rCorr   .          Rampage  .   (no gloves)
Will    .....                   (boots unavailable)
Stlth   ++........              (no amulet)
HPRegen 0.10/turn               (no ring)
MPRegen 0.00/turn               (no ring)

@: flying
A: sickness immunity, fire resistance 2, cold vulnerability 1, float, innate
caster, HP casting, extra vitality 1
a: no special abilities


You were on level 2 of the Dungeon.
You visited 1 branch of the dungeon, and saw 2 of its levels.

You collected 43 gold pieces.

Inventory:

Hand Weapons
 a - a +1 whip of flaming (weapon)
 d - a +4 dagger
Armour
 b - a +0 robe (worn)
 c - a +1 hat (worn)
Scrolls
 e - a scroll of vulnerability {unknown}
 f - a scroll of noise {unknown}
 g - a scroll of magic mapping {unknown}


   Skills:
 + Level 1.2 Fighting
 + Level 3.0 Dodging
 + Level 2.3 Stealth
 + Level 2.8 Spellcasting


You couldn't memorise any spells.
You knew the following spells:

 Your Spells              Type           Power      Damage    Failure   Level
a - Magic Dart            Conj           48%        1d5       5%          1
b - Blink                 Tloc           24%        N/A       9%          2
c - Call Imp              Summ           12%        N/A       9%          2
d - Slow                  Hex            48%        N/A       5%          1
e - Conjure Flame         Conj/Fire      12%        6-21      17%         3
f - Mephitic Cloud        Conj/Pois/Air  12%        N/A       17%         3
g - Foxfire               Conj/Fire      48%        2x1d6     5%          1
Your spell library was empty.

Dungeon Overview and Level Annotations

Branches:
Dungeon (2/15)

Altars:


Innate Abilities, Weirdness & Mutations

You are immune to sickness and miasma.
You are immune to poison.
Your flesh is very heat resistant. (rF++)
You are vulnerable to cold. (rC-)
You float through the air rather than walking.
You learn spells naturally, not from books.
Your magical power is your life essence.
You have superior vitality. (+4 MHP)


Message History

A ball python comes into view.
The quokka misses you.
The ball python hisses angrily.
You hit the quokka. You burn the quokka.
You kill the quokka!
You hit the goblin. You burn the goblin.
You kill the goblin!
Items here: )) ††††.
The ball python barely misses you. The ball python grabs you.
The ball python constricts you.
You escape the ball python's grasp.
The ball python bites you but does no damage.
The ball python closely misses you.
You hit the ball python. You burn the ball python.
You kill the ball python!
A gnoll comes into view. It is wielding a +0 spear.
A gnoll is nearby!
A gnoll is nearby! 2 gnolls come into view.
The gnoll shouts! x2
A gnoll comes into view. It is wielding a +0 club.
Found a leather armour.
The gnoll hits you from afar with a +0 halberd.
A rat comes into view.
The gnoll hits you with a +0 spear. The gnoll hits you with a +0 halberd.
You are too injured to fight recklessly!
You are too injured to fight recklessly!
You are too injured to fight recklessly!
You closely miss the gnoll. The gnoll barely misses you. x2
The gnoll closely misses you.
The gnoll shouts!
You hit the gnoll but do no damage. The gnoll hits you with a +0 spear.
The gnoll barely misses you. The gnoll misses you.
You hit the gnoll. You burn the gnoll.
The gnoll is moderately wounded.
A dart slug comes into view.
The gnoll hits you with a +0 club.
* * * LOW HITPOINT WARNING * * *
The gnoll hits you with a +0 halberd!
You die...

.
.#######################
................g.......
................@.g..#
......#######.#.gg..r...
........#
#.#.#......w.......
........#
#.#..##...[........
........# #+#..#
#.......... ........#
......# ##......#
........# ........##
#....# ######..#
#........#.#. ..#
....###)#
#.........#.##†.##


You could see 4 gnolls, a dart slug and a rat.

Vanquished Creatures
  An adder (D:2)
  6 bats
  6 endoplasms
  3 giant cockroaches
  4 goblins
  3 hobgoblins
  6 jackals (D:1)
  4 quokkas
  4 ball pythons
  3 kobolds
  A rat (D:1)
41 creatures vanquished.

Notes
Turn   | Place    | Note
-------+----------+-------------------------------------------
     0 | D:1      | Ashen the Djinni Hedge Wizard began the quest for the Orb.
     0 | D:1      | Reached XP level 1. HP: 15/15 MP: 0/0
   441 | D:1      | Reached XP level 2. HP: 11/21 MP: 0/0
  1208 | D:1      | Reached XP level 3. HP: 22/26 MP: 0/0
  1208 | D:1      | Learned a level 1 spell: Foxfire
  2020 | D:2      | Reached skill level 1 in Fighting
  2055 | D:2      | Reached XP level 4. HP: 9/32 MP: 0/0
  2343 | D:2      | Reached skill level 3 in Dodging
  2433 | D:2      | Slain by a gnoll

Illustrated notes

Levels and vault maps discovered:
D:1:      heliophobic_arrival_ceremonial_halls, layout_loops_corners
D:2:      layout_basic, minmay_misc_feat_secret_circle,
          chequers_serial_rivers_large_b, uniq_sigmund

Skill      XL: |  1  2  3  4 |
---------------+-------------+-----
Stealth        | 2 |  2.3
Fighting       | 1 |  1.2
Dodging        | 3 |  3.0
Spellcasting   | |  2.8

Action                   |  1- 3 |  4- 6 || total
-------------------------+-------+-------++-------
Melee: Dagger            |    36 |       ||    36
       Whip              |    16 |    20 ||    36
 Cast: Magic Dart        |    58 |       ||    58
  Use: Scroll            |     1 |       ||     1
Armor: Robe              |    13 |     5 ||    18
Dodge: Dodged            |    45 |    15 ||    60
